 Dungeon Crawl Stone Soup version 0.16.2-12-gd0ad4c3 (webtiles) character file.

130 hannobal the Slasher (level 4, -3/30 HPs)
             Began as a High Elf Skald on Oct 8, 2015.
             Killed from afar by Kharon's ghost (10 damage)
             ... with a puff of flame
             ... on level 3 of the Dungeon.
             The game lasted 00:14:20 (3106 turns).

hannobal the Slasher (High Elf Skald)               Turns: 3106, Time: 00:14:20

Health: -3/30      AC:  7    Str: 12    XL:     4   Next: 90%
Magic:  2/11       EV: 10    Int: 16    God:
Gold:   80         SH:  0    Dex: 14    Spells: 3 memorised, 2 levels left

rFire  . . .     SeeInvis .     p - -2 spear (curse)
rCold  . . .     Clarity  .     m - +0 ring mail
rNeg   . . .     SustAb   .     (no shield)
rPois  .         Gourm    .     (no helmet)
rElec  .         Spirit   .     (no cloak)
rCorr  .         Warding  .     g - +1 pair of gloves
rMut   .         Stasis   .     (no boots)
MR     .....                    (no amulet)
Stlth  +.........               (no ring)
                                (no ring)

@: infused (expiring), singing (expiring), very slightly contaminated, not
resistant to hostile enchantments, very unstealthy
A: no striking features
a: Stop Singing


You were on level 3 of the Dungeon.
You were hungry.

You visited 1 branch of the dungeon, and saw 3 of its levels.

You collected 80 gold pieces.

Inventory:

Hand weapons
 a - a +0 falchion
 b - a +0 hunting sling
 i - a +0 mace
 j - a +0 dagger
 p - a cursed -2 spear (weapon)
 q - a +0 dagger of protection
 s - a cursed -1 quarterstaff
Missiles
 e - 5 javelins (quivered)
 h - 102 stones
Armour
 g - a +1 pair of gloves (worn)
 l - a +0 scale mail
 m - a +0 ring mail (worn)
 t - a +0 leather armour
Scrolls
 k - a scroll of recharging
 n - 2 scrolls of magic mapping
 o - a scroll of teleportation
 u - a scroll of identify
Books
 c - a book of Battle

   Spells                             Type                      Level
   a - Infusion                       Charms                       1
   b - Shroud of Golubria             Charms/Translocation         2
   c - Song of Slaying                Charms                       2
   d - Spectral Weapon                Hexes/Charms                 3
   e - Regeneration                   Charms/Necromancy            3
Comestibles
 d - 2 bread rations {@e1}
 f - 2 fruits
 r - a beef jerky
 v - 4 chunks of flesh {@w0}


   Skills:
 + Level 2.8 Fighting
 - Level 5.1 Long Blades
 - Level 1.0 Throwing
 - Level 1.0 Armour
 - Level 1.1 Dodging
 - Level 2.4 Spellcasting
 - Level 3.6 Charms
 - Level 1.0 Translocations


You had 2 spell levels left.
You knew the following spells:

 Your Spells              Type           Power        Failure   Level  Hunger
a - Infusion              Chrm           ##....       12%         1    #......
b - Song of Slaying       Chrm           ##......     17%         2    ###....
c - Shroud of Golubria    Chrm/Tloc      #.........   30%         2    ###....


Dungeon Overview and Level Annotations

Branches:
Dungeon (3/15)

Altars:

Annotations:
D:3 Kharon's ghost, average DEFE


Message History

You closely miss Kharon's ghost.
Kharon's ghost is lightly damaged.
Kharon's ghost hits you.
You miss Kharon's ghost.
Kharon's ghost is lightly damaged.
Kharon's ghost gestures at you while chanting.
The puff of flame hits you!
You are too injured to fight recklessly!
You are too injured to fight recklessly!
Some of the chunks of flesh in your inventory have rotted away.
Kharon's ghost gestures at you while chanting.
The puff of flame hits you!
* * * LOW HITPOINT WARNING * * *
Kharon's ghost laughs crazily.
Kharon's ghost casts a spell at you. The puff of flame misses you.
Your magical infusion is running out.
Your song is almost over.
Kharon's ghost points at you and mumbles some strange words.
The puff of flame hits you!
You die...

...###..รท#..###........#)#....
#.............##.......#..#....
#..#..#.##..............##....
.........................#....
...............................
#..............###..#.#.##......
...>..........<###.......###....
#..........#...)...[.....##....
.##..........#..@..#.#.....##....
.............#....#..#.....######
..#..................#.....#
#..........##..##W.......#
#..........#...##.##.....#
#..........#.#..#.##.....#
#..........#.##....>.....#
#########...####.#.....## #.....#
#.####.##


You could see Kharon's ghost.

Vanquished Creatures
  3 adders
  A giant mite (D:2)
  3 worms
  2 giant geckos (D:1)
  An ooze (D:3)
  6 giant cockroaches
  14 hobgoblins
  5 jackals
  2 quokkas (D:2)
  A ball python (D:2)
  5 bats
  2 giant newts (D:2)
  10 goblins
  7 kobolds
  8 rats
70 creatures vanquished.

Notes
Turn   | Place    | Note
--------------------------------------------------------------
     0 | D:1      | hannobal, the High Elf Skald, began the quest for the Orb.
     0 | D:1      | Reached XP level 1. HP: 14/14 MP: 4/4
   417 | D:1      | Reached XP level 2. HP: 10/19 MP: 6/6
   642 | D:1      | Reached skill level 1 in Armour
   864 | D:1      | Learned a level 2 spell: Song of Slaying
   867 | D:1      | Learned a level 2 spell: Shroud of Golubria
   913 | D:1      | Reached skill level 1 in Throwing
  1326 | D:2      | Reached XP level 3. HP: 24/24 MP: 8/8
  1486 | D:2      | Reached skill level 1 in Translocations
  1583 | D:2      | Reached skill level 4 in Long Blades
  1974 | D:2      | Reached XP level 4. HP: 27/29 MP: 11/11
  2232 | D:2      | Reached skill level 5 in Long Blades
  2395 | D:3      | Noticed Kharon's ghost (average DEFE)
  3106 | D:3      | Killed from afar by Kharon's ghost

Action                   |  1- 3 |  4- 6 || total
-------------------------+-------+-------++-------
Melee: Falchion          |   149 |    30 ||   179
       Spear             |       |    96 ||    96
 Fire: Hunting sling     |       |     3 ||     3
Throw: Stone             |    45 |       ||    45
       Javelin           |     4 |       ||     4
 Cast: Infusion          |     2 |     5 ||     7
       Shroud of Golubri |     1 |       ||     1
       Song of Slaying   |       |     2 ||     2
  Use: Scroll            |     7 |       ||     7
       Potion            |     3 |       ||     3
  Eat: Chunk             |     4 |     3 ||     7
